AoeStats
← Ferchito

MegaRandom

503441028Analyzed
1v1 RM · 1mo ago on Aug 31, 2026· 58m 5s· 2 players
Game mode
Random Map
Map size
Tiny (2 player)
Population
200
Speed
Normal
Resources
Standard
Victory
Conquest
Starting age
Dark Age
Ending age
Imperial Age
RankedLock teamsTeams togetherTeam positionsShared explorationLock speedFull tech treeHidden civsTurbo modeCheats
Victory
Defeat
🇪🇸 Ethiopians · Spain
728
+28
🇨🇷 Persians · Costa Rica
741
-17
Macklemore
2:57 Loom
11:27 Feudal Age
12:13 Double-Bit Axe
12:44 Town Watch
19:29 Castle Age
18:39 Wheelbarrow
18:17 Stone Mining
18:21 Gold Mining
18:46 Forging
18:26 Fletching
18:52 Horse Collar
23:22 Heavy Plow
26:08 Stone Shaft Mining
30:20 Hand Cart
31:13 Iron Casting
30:34 Bodkin Arrow
31:39 Man-at-Arms
32:50 Squires
32:57 Husbandry
33:54 Scale Barding Armor
33:49 Scale Mail Armor
33:50 Padded Archer Armor
35:16 Chain Barding Armor
36:12 Chain Mail Armor
36:13 Leather Archer Armor
37:03 Gold Shaft Mining
36:35 Town Patrol
36:46 Arson
40:45 Imperial Age
38:42 Thumb Ring
38:00 Crossbowman
38:19 Light Cavalry
40:59 Ballistics
40:54 Halberdier
42:17 Plate Mail Armor
42:11 Hussar
43:10 Heavy Cavalry Archer
45:11 Conscription
45:29 Ring Archer Armor
45:00 Bracer
46:01 Blast Furnace
47:22 Bow Saw
48:33 Cavalier
52:16 Chemistry
50:55 Arbalester
Ferchito
6:33 Loom
9:54 Feudal Age
10:13 Double-Bit Axe
10:09 Horse Collar
18:21 Gold Mining
18:22 Stone Mining
20:59 Castle Age
26:48 Scale Mail Armor
31:45 Bow Saw
33:30 Arson
33:08 Man-at-Arms
39:10 Gambesons
38:59 Long Swordsman
42:23 Gold Shaft Mining
42:27 Stone Shaft Mining
45:20 Imperial Age
48:20 Wheelbarrow
52:21 Elite War Elephant
56:55 Heavy Scorpion
58:46 Hand Cart
Connection lost

Rejoining the realm…

Still unreachable

The connection could not be restored.

Session expired

The server has moved on; the page needs a fresh start.